Map: Deathaura LE

Players

Lambo - Winner!

  • Race: Zerg Zerg
  • League: Grandmaster
  • Spawn Location: 11:00

soul

  • Race: Terran Terran
  • League: Grandmaster
  • Spawn Location: 5:00

Event: DreamHack SC2 Masters 2020 Summer Europe

VOD

Have the link to the VOD?

Description

Time

  • Played on: July 1, 2020, 12:43 p.m.
  • Length: 15:00

All games in this series

Show
View Real Time Build Order
Export as new Build Order

Lambo Zerg - Winner!

Build Orders: Hatch First, Muta Ling Bane 

Get SALT Encoding   

  12  0:00  Drone  
  13  0:12  Overlord  
  13  0:17  Drone  
  14  0:30  Drone x2  
  16  0:46  Hatchery  
  15  0:50  Drone  
  15  0:54  Drone  
  17  0:57  Drone  
  18  1:08  Extractor  
  17  1:13  Spawning Pool  
  17  1:15  Drone  
  18  1:18  Drone  
  18  1:29  Drone  
  19  1:38  Drone  
  20  1:50  Overlord  
  20  1:59  Queen x2  
  20  2:00  Zergling x4  
  26  2:10  Drone  
  26  2:11  Drone, Metabolic Boost  
  28  2:20  Drone  
  29  2:23  Drone  
  30  2:33  Hatchery  
  29  2:40  Drone  
  29  2:42  Drone  
  31  2:46  Drone  
  31  2:49  Overlord  
  32  2:53  Queen  
  32  2:55  Drone  
  35  3:00  Drone  
  36  3:08  Drone x2  
  36  3:09  Drone  
  36  3:10  Drone x2  
  41  3:15  Overlord  
  41  3:18  Roach Warren  
  40  3:28  Queen  
  40  3:30  Overlord  
  40  3:31  Drone  
  40  3:32  Drone, Extractor  
  43  3:38  Drone x2  
  45  3:43  Drone x3  
  45  3:46  Overlord  
  48  3:54  Overlord  
  48  4:05  Roach x6  
  48  4:09  Roach  
  62  4:14  Roach x2  
  66  4:18  Roach  
  66  4:20  Queen  
  70  4:26  Overlord  
  70  4:28  Drone x2  
  70  4:31  Zergling x4  
  71  4:39  Ravager, Drone x3  
  71  4:44  Zergling x4  
  77  4:47  Drone  
  77  4:49  Ravager  
  79  4:54  Drone x3  
  82  5:00  Drone x3  
  82  5:01  Spore Crawler  
  82  5:03  Ravager  
  82  5:06  Drone x3  
  88  5:11  Drone  
  88  5:14  Drone  
  90  5:18  Overlord  
  89  5:26  Drone x3  
  78  5:30  Drone  
  78  5:32  Ravager  
  78  5:33  Drone x2  
  78  5:35  Drone x4  
  78  5:38  Drone  
  77  5:45  Drone x2  
  77  5:48  Drone  
  80  5:54  Drone x2  
  80  5:56  Spore Crawler  
  78  5:59  Drone  
  78  6:01  Lair  
  78  6:02  Extractor  
  78  6:04  Evolution Chamber, Extractor  
  74  6:05  Drone x2  
  74  6:06  Evolution Chamber  
  74  6:10  Zergling x6  
  77  6:12  Drone  
  77  6:14  Spore Crawler, Drone x3  
  77  6:16  Drone  
  77  6:17  Drone x2  
  77  6:18  Drone  
  84  6:20  Extractor, Baneling Nest  
  84  6:22  Drone x2  
  84  6:26  Queen  
  84  6:29  Drone  
  84  6:30  Hatchery  
  84  6:31  Zerg Melee Weapons Level 1  
  86  6:34  Drone x2  
  86  6:36  Zerg Ground Armor Level 1  
  86  6:37  Ravager  
  86  6:38  Drone, Extractor  
  89  6:43  Drone x4  
  89  6:45  Drone x2  
  95  6:48  Overlord  
  95  6:52  Drone x3  
  98  6:57  Overlord  
  98  7:00  Overlord  
  98  7:02  Centrifical Hooks  
  98  7:05  Overlord  
  98  7:08  Overlord  
  98  7:13  Zergling x14  
  105  7:16  Zergling x10  
  105  7:21  Spire  
  109  7:23  Zergling x2  
  109  7:24  Zergling x2  
  111  7:32  Zergling x6  
  114  7:38  Zergling x6  
  117  7:49  Drone x9  
  126  7:56  Pneumatized Carapace  
  126  8:10  Zergling x30, Extractor  
  140  8:13  Overseer  
  140  8:19  Overlord  
  139  8:22  Overlord  
  139  8:24  Overlord x3  
  139  8:25  Overlord x2  
  139  8:28  Overlord  
  139  8:30  Hatchery  
  138  8:35  Overlord  
  138  8:36  Queen  
  138  8:37  Zerg Flyer Weapons Level 1, Zerg Ground Armor Level 2, Zerg Melee Weapons Level 2  
  138  8:39  Baneling x8  
  140  8:46  Mutalisk x6  
  150  8:49  Mutalisk x2  
  153  9:01  Mutalisk, Drone x3  
  153  9:02  Infestation Pit  
  157  9:03  Overseer  
  157  9:06  Overlord  
  157  9:10  Zergling x28  
  171  9:24  Drone x2  
  171  9:25  Zergling x12  
  171  9:27  Baneling x18  
  171  9:29  Zergling x4  
  171  9:30  Zergling x4  
  171  9:31  Baneling x2  
  183  9:35  Zergling x12  
  189  9:40  Zergling x12  
  194  9:52  Hive  
  194  9:53  Zergling x10  
  194  9:55  Baneling  
  199  10:16  Baneling x10  
  193  10:37  Mutalisk x3  
  193  10:40  Drone  
  200  10:43  Spore Crawler  
  200  10:48  Zergling x16  
  199  10:57  Zergling x2  
  196  11:04  Drone x7  
  196  11:06  Spore Crawler  
  196  11:07  Spine Crawler  
  196  11:08  Baneling x12  
  196  11:09  Zerg Melee Weapons Level 3, Zerg Ground Armor Level 3  
  196  11:10  Zergling x12  
  200  11:11  Ultralisk Cavern  
  200  11:17  Zergling x8  
  200  11:22  Mutalisk  
  199  11:32  Drone x3  
  199  11:33  Drone  
  199  11:39  Hatchery  
  199  11:45  Zergling x14  
  194  11:48  Adrenal Glands  
  194  11:50  Zergling x24  
  194  11:54  Baneling x21  
  200  12:08  Overlord  
  200  12:09  Overlord  
  200  12:11  Chitinous Plating  
  200  12:15  Extractor  
  199  12:16  Overlord  
  194  12:26  Zergling x38  
  192  12:38  Mutalisk  
  192  12:39  Mutalisk x4  
  200  12:50  Baneling  
  200  12:51  Baneling x9  
  200  12:57  Hatchery  
  198  13:02  Zergling x10  
  184  13:13  Zergling x24  
  184  13:14  Zergling x8  
  184  13:19  Zergling x2  
  183  13:20  Zergling x18  
  186  13:28  Ultralisk x2  
  186  13:30  Anabolic Synthesis  
  186  13:31  Baneling x16  
  186  13:33  Queen  
  196  13:38  Zergling x16  
  199  13:41  Baneling x8  
  199  13:43  Baneling  
  199  13:53  Zergling x12  
  190  13:56  Zergling x2  
  190  13:57  Zergling x16  
  178  14:04  Zergling x18  
  178  14:06  Unknown  
  186  14:10  Unknown, Ultralisk  
  191  14:17  Drone x5  
  191  14:18  Drone x4  
  200  14:25  Baneling  
  200  14:26  Overseer, Baneling x5  
  200  14:31  Spore Crawler  
  200  14:34  Baneling x9  
  199  14:40  Zergling x6  
Show
View Real Time Build Order
Export as new Build Order

soul Terran 

Build Orders: Liberator Opening 

Get SALT Encoding   

  12  0:00  SCV  
  13  0:12  SCV  
  14  0:17  Supply Depot  
  14  0:24  SCV  
  15  0:38  SCV  
  15  0:40  Barracks  
  16  0:43  Refinery  
  16  0:50  SCV  
  17  1:03  SCV  
  18  1:15  SCV  
  19  1:27  Orbital Command, Marine  
  20  1:39  Command Center  
  20  1:51  Factory  
  20  1:54  SCV  
  21  2:00  Supply Depot  
  21  2:03  Barracks Reactor  
  21  2:06  SCV  
  22  2:10  Refinery  
  22  2:18  SCV  
  23  2:30  SCV  
  24  2:37  Starport  
  24  2:42  SCV, Hellion x2  
  29  2:46  Reaper  
  30  2:52  Orbital Command  
  30  2:56  SCV  
  31  3:03  Widow Mine  
  31  3:04  Widow Mine  
  35  3:08  SCV  
  36  3:14  Medivac  
  36  3:15  Supply Depot  
  38  3:22  SCV x2  
  38  3:25  Hellion  
  42  3:29  Hellion  
  44  3:34  SCV, Barracks Tech Lab  
  44  3:35  SCV  
  44  3:39  Supply Depot  
  46  3:46  SCV  
  46  3:47  SCV  
  48  3:48  Liberator  
  48  3:55  Hellion  
  53  3:59  SCV  
  53  4:01  SCV, Hellion  
  57  4:07  Supply Depot  
  57  4:11  SCV  
  57  4:16  SCV  
  59  4:23  SCV  
  60  4:27  Command Center  
  60  4:31  SCV  
  61  4:36  Starport Tech Lab  
  61  4:37  SCV  
  62  4:41  Bunker, Siege Tank  
  62  4:42  Marine x2  
  62  4:44  SCV, Bunker  
  68  4:49  SCV  
  67  4:59  SCV, Marine x2  
  68  5:03  SCV  
  68  5:06  Banshee  
  70  5:11  SCV  
  70  5:13  Siege Tank  
  69  5:15  SCV  
  70  5:25  Supply Depot x3  
  60  5:46  SCV x2, Marine x2  
  64  5:52  Engineering Bay  
  64  5:53  Engineering Bay  
  63  5:58  SCV x2  
  63  6:00  Starport Reactor  
  63  6:01  Orbital Command  
  63  6:04  Command Center  
  65  6:10  SCV x2, Barracks  
  67  6:11  Barracks  
  67  6:17  Refinery  
  67  6:19  Supply Depot  
  67  6:20  Stimpack  
  67  6:21  Terran Infantry Weapons Level 1, Terran Infantry Armor Level 1  
  67  6:22  SCV, Orbital Command  
  68  6:31  Marine  
  68  6:32  Siege Tank  
  72  6:33  SCV  
  72  6:35  SCV  
  72  6:39  Barracks  
  74  6:40  Barracks  
  74  6:45  SCV  
  76  6:47  SCV  
  76  6:48  Supply Depot  
  76  6:49  Starport Reactor, Marine  
  76  6:50  Refinery  
  76  6:51  SCV  
  78  6:57  SCV  
  78  6:59  SCV  
  78  7:03  SCV  
  78  7:04  Siege Tank  
  78  7:06  Marine  
  78  7:07  Supply Depot, Marine  
  84  7:08  Supply Depot  
  84  7:10  SCV  
  84  7:11  SCV  
  84  7:12  Marine  
  84  7:15  SCV  
  88  7:16  SCV  
  88  7:17  Marine x2  
  88  7:22  SCV  
  92  7:23  SCV  
  92  7:24  Marine  
  92  7:25  Marine  
  92  7:26  Supply Depot  
  92  7:27  SCV, Medivac x2  
  92  7:28  SCV, Barracks Reactor  
  92  7:29  Barracks Reactor  
  101  7:30  Marine  
  101  7:34  SCV  
  101  7:35  SCV, Marine x2  
  106  7:39  SCV  
  106  7:40  SCV  
  106  7:41  Bunker  
  106  7:42  Marine  
  106  7:43  Bunker  
  108  7:44  Marine  
  108  7:46  SCV  
  110  7:51  Supply Depot  
  110  7:53  Supply Depot, Refinery x2  
  110  7:56  Armory, Marine x2  
  110  7:57  Medivac  
  115  8:02  SCV, Marine  
  115  8:03  SCV  
  119  8:09  SCV  
  119  8:10  Factory, Marine x3  
  121  8:13  Marine  
  121  8:14  SCV  
  121  8:15  Barracks Reactor  
  121  8:19  SCV, Supply Depot  
  124  8:22  SCV, Supply Depot  
  124  8:25  Missile Turret  
  124  8:27  SCV  
  126  8:29  Marine x3, Widow Mine  
  131  8:36  Medivac x2  
  131  8:38  Marine  
  131  8:41  Marine x3  
  136  8:43  Missile Turret  
  136  8:44  Missile Turret  
  136  8:45  Terran Infantry Weapons Level 2  
  136  8:47  Marine x3  
  142  8:49  Missile Turret  
  142  8:51  Widow Mine  
  142  8:52  Combat Shield  
  142  8:53  Marine  
  144  8:56  Marine  
  144  8:59  Marine x3  
  144  9:01  SCV, Planetary Fortress  
  149  9:03  Supply Depot  
  149  9:05  Marine x2  
  149  9:06  Widow Mine  
  149  9:07  Drilling Claws  
  153  9:12  Refinery  
  153  9:13  Command Center, Marine  
  153  9:14  Refinery  
  154  9:19  Marine x6  
  154  9:22  Widow Mine  
  154  9:23  Marine  
  163  9:31  Marine x2  
  161  9:32  Thor  
  161  9:33  Widow Mine  
  161  9:37  Marine x6  
  176  9:41  Marine  
  176  9:44  Widow Mine  
  176  9:45  Medivac x2  
  173  9:48  Marine  
  173  9:49  Marine  
  173  9:52  Barracks  
  175  9:53  Barracks  
  175  9:54  Missile Turret, Marine, Barracks  
  175  9:55  Marine x4  
  180  10:03  Supply Depot  
  180  10:04  Supply Depot  
  180  10:06  Marine  
  180  10:10  Supply Depot  
  180  10:11  Supply Depot  
  180  10:12  Sensor Tower  
  180  10:14  Barracks Reactor  
  180  10:15  Sensor Tower  
  180  10:24  Medivac, Marine  
  180  10:25  Thor  
  189  10:29  Widow Mine x2  
  189  10:31  Marine x6  
  196  10:42  Marine  
  197  10:44  Barracks Tech Lab  
  197  10:45  Barracks Tech Lab  
  197  10:47  Marine  
  197  10:49  Marine x6  
  180  10:50  Widow Mine x2  
  180  10:51  Medivac  
  180  10:54  Medivac  
  180  10:56  Marine  
  187  10:57  Reaper  
  187  11:00  Marine  
  187  11:03  Marine  
  187  11:05  Marine  
  187  11:08  Widow Mine  
  187  11:09  Marine  
  187  11:10  Marine x3  
  194  11:14  Bunker, Command Center  
  194  11:15  Bunker  
  194  11:17  Widow Mine  
  195  11:23  Terran Infantry Weapons Level 3, Supply Depot, Terran Infantry Armor Level 2  
  195  11:24  Supply Depot  
  195  11:27  Orbital Command  
  195  11:34  Widow Mine, Barracks Tech Lab  
  195  11:40  Marine  
  195  11:41  Marine, Widow Mine  
  195  11:42  Marauder, Widow Mine  
  191  11:47  Marine  
  192  11:55  Bunker, Widow Mine, Sensor Tower  
  192  11:56  Bunker  
  192  11:58  Medivac x2  
  198  12:03  Widow Mine x2  
  200  12:22  Marine  
  198  12:24  Marine  
  198  12:25  Marauder  
  198  12:27  Marauder, Marine  
  198  12:28  Medivac, Orbital Command  
  184  12:32  Marine x6  
  184  12:33  Widow Mine  
  184  12:36  Orbital Command  
  184  12:37  Command Center  
  186  12:39  Planetary Fortress  
  186  12:40  Marine  
  186  12:41  Marine  
  186  12:42  Marine  
  186  12:43  Widow Mine  
  186  12:45  Marine x2  
  186  12:47  Medivac  
  193  12:54  Missile Turret  
  193  12:55  Missile Turret  
  193  12:57  Medivac  
  183  13:06  Marauder x2  
  183  13:07  Marauder x2, Marine  
  183  13:11  SCV x3  
  187  13:17  Marine  
  187  13:18  Marine  
  187  13:19  Marine  
  155  13:23  Medivac  
  155  13:24  Orbital Command  
  155  13:25  Widow Mine x3, Marine  
  153  13:27  Medivac, Marauder x2  
  153  13:28  Marauder x2  
  153  13:29  SCV  
  153  13:31  SCV x2  
  166  13:35  Sensor Tower  
  165  13:43  SCV x4  
  165  13:46  Widow Mine  
  165  13:47  Ghost Academy  
  171  13:49  Sensor Tower  
  171  13:50  SCV, Missile Turret  
  171  13:51  Widow Mine  
  171  13:52  Widow Mine  
  170  13:55  SCV  
  170  13:56  SCV  
  170  13:57  SCV, Orbital Command, Marine  
  170  14:01  Marauder  
  170  14:02  Marine  
  157  14:05  Marine  
  157  14:07  Widow Mine  
  157  14:08  SCV x2  
  157  14:10  SCV, Marine  
  157  14:13  Marauder, Widow Mine  
  162  14:19  Missile Turret  
  162  14:21  Widow Mine  
  164  14:25  Marauder  
  164  14:29  Orbital Command  
  164  14:31  SCV x4  
  170  14:43  SCV x3  
Tags
 
Add a new tag
Caveats
  • Supply blocks, unpowered buildings, or Contaminate may cause inaccurate times.
  • Supply counts are checked every 10 seconds.